 Dungeon Crawl Stone Soup version 0.23.2-11-gf996548 (webtiles) character file.

Game seed: 5167070171204947004

49 Fang the Skirmisher (level 3, -3/24 HPs)
             Began as a Gargoyle Berserker on June 5, 2019.
             Was a Believer of Trog.
             Slain by Terence
             ... wielding a +0 hand axe
              (5 damage)
             ... on level 2 of the Dungeon.
             The game lasted 00:01:47 (718 turns).

Fang the Skirmisher (Gargoyle Berserker)             Turns: 718, Time: 00:01:47

Health: -3/24      AC:  5    Str: 21    XL:     3   Next: 77%
Magic:  3/3        EV: 12    Int:  7    God:    Trog [**....]
Gold:   70         SH:  0    Dex:  9    Spells: 2/2 levels left

rFire    . . .     SeeInvis .   a - +0 hand axe
rCold    . . .     Gourm    .   (no shield)
rNeg     + . .     Faith    .   b - +0 animal skin
rPois    ∞         Spirit   .   (no helmet)
rElec    +         Reflect  .   (no cloak)
rCorr    +         Harm     .   (no gloves)
MR       .....                  (no boots)
Stlth    +.........             (no amulet)
HPRegen  0.08/turn              g - ring of resist corrosion
MPRegen  0.08/turn              (no ring)

@: no status effects
A: negative energy resistance 1, electricity resistance, unbreathing,
petrification resistance, rot immunity, AC +3
a: Berserk, Trog's Hand, Renounce Religion


You were on level 2 of the Dungeon.
You worshipped Trog.
Trog was pleased with you.
You were not hungry.

You visited 1 branch of the dungeon, and saw 2 of its levels.

You collected 70 gold pieces.

Inventory:

Hand Weapons
 a - a +0 hand axe (weapon)
Armour
 b - a +0 animal skin (worn)
Jewellery
 g - a ring of resist corrosion (left hand)
Scrolls
 d - a scroll of blinking {unknown}
 h - a scroll of identify {unknown}
 i - 2 scrolls of remove curse {unknown}
Potions
 e - a potion of curing {unknown}
 j - a potion of might {unknown}
Comestibles
 c - 2 rations
 f - 4 chunks of flesh


   Skills:
 + Level 3.7 Fighting
 + Level 3.1 Axes
 + Level 2.8 Armour
 + Level 2.1 Dodging


You had 2 spell levels left.
You didn't know any spells.
Your spell library was empty.

Dungeon Overview and Level Annotations

Branches:
Dungeon (2/15)

Altars:

Annotations:
D:2 Terence


Innate Abilities, Weirdness & Mutations

You are resistant to torment.
Your stone body is resilient. (AC +3)
You are immune to poison.
You resist negative energy. (rN+)
You are resistant to electric shocks. (rElec)
You can survive without breathing.
You are immune to petrification.
You are immune to rotting.


Message History

You're still recovering from your berserk rage.
You completely miss Terence.
Terence is lightly wounded.
You recover from your berserk rage.
Terence closely misses you.
You hit Terence but do no damage.
Terence is lightly wounded.
Terence hits you but does no damage.
You hit Terence but do no damage.
Terence is lightly wounded.
Terence hits you with a +0 hand axe.
* * * LOW HITPOINT WARNING * * *
You hit Terence but do no damage.
Terence is lightly wounded.
Terence hits you with a +0 hand axe.
* * * LOW HITPOINT WARNING * * *
You closely miss Terence.
Terence is lightly wounded.
Terence hits you with a +0 hand axe.
You die...

#..#...#.........
#.###............
#.....#..####....
##........# .##
#.........# #
###.......######...
.....).............
.........#####.....
.........@@........
.............#... .
.....###.###..#
.##.# #.# .... #.
.[# ... # #.## ..
.. . .!.


You could see Terence.

Vanquished Creatures
  An ooze (D:2)
  A worm (D:2)
  A dart slug (D:1)
  2 leopard geckos
  6 giant cockroaches
  A goblin (D:1)
  5 hobgoblins
  7 jackals (D:1)
  3 bats (D:1)
  3 frilled lizards (D:1)
  3 kobolds
  4 rats
37 creatures vanquished.

Notes
Turn   | Place    | Note
-------+----------+-------------------------------------------
     0 | D:1      | Fang the Gargoyle Berserker began the quest for the Orb.
     0 | D:1      | Reached XP level 1. HP: 14/14 MP: 1/1
    55 | D:1      | Reached XP level 2. HP: 11/19 MP: 2/2
   380 | D:1      | Reached XP level 3. HP: 22/23 MP: 3/3
   404 | D:1      | Reached ** piety under Trog
   709 | D:2      | Noticed Terence
   718 | D:2      | Slain by Terence

Skill      XL: |  1  2  3 |
---------------+----------+-----
Dodging        | 2 |  2.1
Axes           | 3 |  3.1
Fighting       | |  3.7
Armour         | |  2.8

Action                   || total
-------------------------++-------
Melee: Hand axe          ||   102
Invok: Berserk           ||     2
 Stab: Sleeping          ||     1
  Eat: Chunk             ||     1
Armor: Animal skin       ||    29
Dodge: Dodged            ||    76
